 Dungeon Crawl Stone Soup version 0.25.0-26-g0c896c7088 (webtiles) character file.

Game seed: 7985435451178578521

334 lepoulpe303 the Distorting Ant (level 6, -4/48 HPs)
             Began as a Formicid Abyssal Knight on July 3, 2020.
             Was a Believer of Lugonu.
             Killed by nerve-wracking pain
             ... invoked by Grinder
              (14 damage)
             ... on level 3 of the Dungeon.
             The game lasted 00:12:46 (3613 turns).

lepoulpe303 the Distorting Ant (FoAK)               Turns: 3613, Time: 00:12:47

Health: -4/48      AC: 11    Str: 18    XL:     6   Next: 83%
Magic:  9/9        EV:  3    Int: 12    God:    Lugonu [**....]
Gold:   143        SH:  9    Dex: 10    Spells: 5/5 levels left

rFire    . . .     SeeInvis +   b - +0 hunting sling (freeze)
rCold    . . .     Gourm    .   h - +2 kite shield
rNeg     . . .     Faith    .   y - +0 plate armour
rPois    .         Spirit   .   (helmet unavailable)
rElec    .         Reflect  .   (no cloak)
rCorr    .         Harm     .   (no gloves)
MR       .....                  (no boots)
Stlth    ..........             (no amulet)
HPRegen  0.16/turn              s - ring of flight
MPRegen  0.11/turn              o - ring of attention

@: no status effects
A: permanent stasis, dig shafts and tunnels, four strong arms, antennae 3
a: Dig, Shaft Self, Depart the Abyss, Bend Space, Renounce Religion, Evoke
Flight


You were on level 3 of the Dungeon.
You worshipped Lugonu.
Lugonu was pleased with you.
You were not hungry.

You visited 1 branch of the dungeon, and saw 4 of its levels.
You visited the Abyss 1 time.

You collected 143 gold pieces.

Inventory:

Hand Weapons
 a - a +1 spear
 b - a +0 hunting sling of freezing (weapon)
Missiles
 d - 3 curare-tipped darts
 g - 57 sling bullets (quivered)
 m - 8 poisoned darts
 x - 7 boomerangs
 Q - 4 stones
Armour
 f - a +0 leather armour
 h - a +2 kite shield (worn)
 y - a +0 plate armour (worn)
Jewellery
 o - a ring of attention (right hand)
 s - a ring of flight (left hand)
 v - an uncursed amulet of faith {Faith, !P}
Wands
 c - a wand of acid (9)
Scrolls
 i - a scroll of identify
 k - a scroll of immolation {unknown}
 n - a scroll of random uselessness {unknown}
 q - a scroll of amnesia {unknown}
 r - a scroll of fog {unknown}
 t - 2 scrolls of teleportation {unknown}
 w - a scroll of remove curse
Potions
 j - a potion of heal wounds {unknown}
 l - 4 potions of curing {unknown}
 p - a potion of mutation {unknown}
 z - 2 potions of haste
Comestibles
 e - 4 rations


   Skills:
 + Level 4.1 Fighting
 * Level 3.8 Polearms
 + Level 1.5 Slings
 + Level 3.4 Armour
 + Level 2.0 Dodging
 * Level 4.4 Invocations


You had 5 spell levels left.
You didn't know any spells.
Your spell library was empty.

Dungeon Overview and Level Annotations

Branches:
Dungeon (4/15)
 Temple: D:4-7

Altars:
Cheibriados
Makhleb
Ru

Annotations:
D:3 Grinder


Innate Abilities, Weirdness & Mutations

You cannot be hasted, slowed, berserked, paralysed or teleported.
You can dig through walls and to a lower floor.
Your four strong arms can wield two-handed weapons with a shield.
You have a pair of large antennae on your head. (SInv)


Message History

Your +0 hunting sling of freezing is covered in frost.
b - a +0 hunting sling of freezing (weapon)
Firing (i - inventory. (/) - cycle)
Q - 5 stones (quivered)
Aim: Grinder (severely wounded)
You shoot a stone.
The stone hits Grinder but does no damage.
Quiver which item? (- for none, * to show all) (? for menu, Esc to quit)
Quivering
g - 59 sling bullets for slings.
Firing (i - inventory. (/) - cycle)
g - 59 sling bullets (quivered)
Aim: Grinder (severely wounded)
You shoot a sling bullet.
The sling bullet hits Grinder but does no damage.
Firing (i - inventory. (/) - cycle)
g - 58 sling bullets (quivered)
Aim: Grinder (severely wounded)
You shoot a sling bullet. The sling bullet barely misses Grinder.
Grinder gestures at you. You resist with some effort. Grinder gestures at you.
Pain shoots through your body!
You die...

########## #........#
#......).##########
###........#....[)..#
.........(.((5..@...#
###........#........#
#........#####'######
################.##...#
..................#.#.#
################....#.#
.........# #..###.#
.........# #....#.#
.........# #.#.##.#


You could see Grinder.

Levels and vault maps discovered:
D:1:      saegor_arrival_miasma, layout_basic
D:2:      layout_rooms, bloody_makhleb
D:3:      minmay_diamond_boxcup, layout_basic, overflow_temple_1_default,
          first_ration
D:4:      layout_loops_ring, cheibriados_altar_1, uniq_crazy_yiuf_cottage,
          uniq_eustachio, uniq_grinder

Notes
Turn   | Place    | Note
-------+----------+-------------------------------------------
     0 | Abyss:1  | lepoulpe303 the Formicid Abyssal Knight began the quest for
                  | the Orb.
     0 | Abyss:1  | Reached XP level 1. HP: 18/18 MP: 2/2
    37 | Abyss:2  | Noticed a chaos spawn
    94 | Abyss:2  | Noticed an eidolon
    96 | Abyss:2  | Noticed a small abomination
    98 | D:1      | Escaped the Abyss
   106 | D:1      | Identified a +0 club
   124 | D:1      | Identified a +0 club
   156 | D:1      | Reached * piety under Lugonu
   417 | D:1      | Reached skill level 1 in Dodging
   417 | D:1      | Reached XP level 2. HP: 18/24 MP: 3/3
   574 | D:1      | Identified 3 scrolls of identify
   574 | D:1      | Identified a +2 kite shield (You found it on level 1 of the
                  | Dungeon)
   580 | D:1      | Identified a +0 hunting sling of freezing (You found it on
                  | level 2 of the Abyss)
   606 | D:1      | Identified a +1 spear
   876 | D:2      | Found a burning altar of Makhleb.
   883 | D:2      | Reached XP level 3. HP: 28/29 MP: 3/5
   893 | D:2      | Identified a +0 dagger
   941 | D:2      | Identified a +0 hunting sling
   984 | D:2      | Reached skill level 3 in Invocations
  1041 | D:2      | Identified a +0 dagger
  1065 | D:2      | Identified a cursed -2 club
  1320 | D:2      | Reached XP level 4. HP: 35/35 MP: 6/6
  1523 | D:2      | Identified a cursed -3 halberd
  1698 | D:2      | Identified a +0 spear
  1698 | D:2      | Identified a +0 flail
  1714 | D:2      | Reached skill level 3 in Polearms
  1995 | D:3      | Identified a ring of flight (You found it on level 3 of the
                  | Dungeon)
  1996 | D:3      | Identified a ring of attention (You found it on level 2 of
                  | the Dungeon)
  2001 | D:3      | Identified a +0 club
  2149 | D:3      | Identified a +0 club
  2202 | D:3      | Reached XP level 5. HP: 41/41 MP: 7/7
  2396 | D:3      | Identified a +0 club
  2428 | D:3      | Reached ** piety under Lugonu
  2483 | D:3      | Found a sacrificial altar of Ru.
  2579 | D:3      | Identified a +0 plate armour (You found it on level 3 of
                  | the Dungeon)
  2588 | D:4      | Identified a +0 dagger
  2588 | D:4      | Identified a cursed +0 dagger
  2588 | D:4      | Identified a +0 robe
  2588 | D:4      | Identified a +0 short sword
  2588 | D:4      | Identified a +0 mace
  2589 | D:4      | Identified a +0 dagger
  2590 | D:4      | Identified a +0 dagger
  2590 | D:4      | Identified a +0 robe
  2591 | D:4      | Noticed Grinder
  2596 | D:3      | Reached skill level 3 in Armour
  2600 | D:3      | Identified 2 scrolls of remove curse
  2602 | D:3      | Identified an amulet of faith (You found it on level 3 of
                  | the Dungeon)
  2611 | D:4      | Identified a +0 falchion
  2611 | D:4      | Identified a +0 chain mail
  2614 | D:4      | HP: 10/42 [orc priest/divine providence (15)]
  3030 | D:4      | Identified a +0 giant spiked club
  3030 | D:4      | Noticed an ogre
  3036 | D:4      | Killed an ogre
  3036 | D:4      | Reached skill level 4 in Fighting
  3036 | D:4      | Reached skill level 1 in Slings
  3036 | D:4      | Reached skill level 4 in Invocations
  3036 | D:4      | Reached XP level 6. HP: 43/48 MP: 7/9
  3076 | D:4      | Identified a +0 dagger
  3076 | D:4      | Identified a +0 scale mail
  3078 | D:4      | Identified a +0 leather armour
  3117 | D:4      | Found a snail-covered altar of Cheibriados.
  3167 | D:4      | Reached skill level 2 in Dodging
  3318 | D:4      | Identified a +0 hand axe
  3318 | D:4      | Identified a +0 ring mail
  3324 | D:4      | Identified a +0 dagger
  3324 | D:4      | Identified a +0 robe
  3325 | D:4      | Identified a +0 dagger
  3325 | D:4      | Identified a +1 robe of magic resistance
  3605 | D:3      | HP: 10/48 [Grinder (3)]
  3613 | D:3      | Killed from afar by Grinder

Table legend:
 A = Turns spent in this place as a percentage of turns spent in the entire game.
 B = Non-inter-level travel turns spent in this place as a percentage of non-inter-level travel turns spent in the entire game.
 C = Inter-level travel turns spent in this place as a percentage of turns spent in this place.
 D = Turns resting spent in this place as a percentage of non-inter-level travel turns spent in this place.
 E = Turns spent auto-exploring this place as a percentage of non-inter-level travel turns spent in this place.
 F = Non-inter-level travel turns spent in this place divided by the number of levels of this place that you've seen.
                   A       B       C       D       E      F
               +-------+-------+-------+-------+-------+----------------------
         Total | 100.0 | 100.0 |   6.4 |  38.9 |  37.8 | 563.7
       Dungeon |  97.3 |  97.1 |   6.6 |  40.1 |  38.9 | 821.0
         Abyss |   2.7 |   2.9 |   0.0 |   0.0 |   0.0 |  49.0
               +-------+-------+-------+-------+-------+----------------------

Table legend:
 A = Kills in this place as a percentage of kills in entire the game.
 B = Kills by you in this place as a percentage of kills by you in the entire game.
 C = Kills by friends in this place as a percentage of kills by friends in the entire game.
 D = Other kills in this place as a percentage of other kills in the entire game.
 E = Experience gained in this place as a percentage of experience gained in the entire game.
 F = Experience gained in this place divided by the number of levels of this place that you have seen.
                   A       B       C       D       E      F
               +-------+-------+-------+-------+-------+----------------------
         Total | 100.0 | 100.0 |   N/A |   N/A | 100.0 |  79.7
       Dungeon | 100.0 | 100.0 |   N/A |   N/A | 100.0 | 119.5
               +-------+-------+-------+-------+-------+----------------------

Skill      XL: |  1  2  3  4  5  6 |
---------------+-------------------+-----
Dodging        | 1 2 |  2.0
Invocations    | 3 4 |  4.4
Polearms       | 3 |  3.8
Armour         | 3 |  3.4
Fighting       | 4 |  4.1
Slings         | 1 |  1.5

Action                   |  1- 3 |  4- 6 || total
-------------------------+-------+-------++-------
Melee: Spear             |    89 |   180 ||   269
 Fire: Hunting sling     |     4 |    52 ||    56
Throw: Dart              |     2 |     2 ||     4
Invok: Depart the Abyss  |     1 |       ||     1
Evoke: Wand              |       |     1 ||     1
  Use: Scroll            |     2 |     2 ||     4
  Eat: Chunk             |     1 |     3 ||     4
       Ration            |       |     2 ||     2
Armor: Leather armour    |    19 |    18 ||    37
       Plate armour      |       |    74 ||    74
Dodge: Dodged            |    29 |    32 ||    61
Block: Kite shield       |    33 |    78 ||   111

Vanquished Creatures
  An ogre (D:4)
  2 orc priests (D:4)
  2 orc wizards (D:3)
  3 gnolls (D:2)
  4 adders
  An ooze (D:1)
  An adder skeleton (D:4)
  5 worms
  4 orcs
  2 giant cockroaches
  4 hobgoblins
  6 jackals
  3 kobolds
  A quokka (D:4)
  2 bats
  2 frilled lizards
  7 goblins
  7 rats
57 creatures vanquished.
